AoeStats
← ME_DEPRIME_JUGAR_CON_USTEDES

Arena

509004604Analyzed
4v4 RM · 6d ago on Sep 25, 2026· 60m 22s· 8 players
Game mode
Random Map
Map size
Large (8 player)
Population
200
Speed
Normal
Resources
Standard
Victory
Conquest
Starting age
Dark Age
Ending age
Imperial Age
RankedLock teamsTeams togetherTeam positionsShared explorationLock speedFull tech treeHidden civsTurbo modeCheats
Victory
Defeat
1528
+12
🇦🇷 Khmer · Argentina
1427
+16
🇦🇷 Bengalis · Argentina
1358
+20
🇦🇷 Spanish · Argentina
1358
+19
🇨🇱 Byzantines · Chile
1506
-19
🇨🇱 Bohemians · Chile
1477
-19
🇨🇳 Franks · China
1422
-16
🇺🇸 Britons · United States
1340
-13
JLoops
9:48 Loom
12:12 Feudal Age
13:14 Double-Bit Axe
13:10 Horse Collar
13:22 Gold Mining
15:44 Castle Age
17:11 Bow Saw
17:25 Heavy Plow
20:34 Wheelbarrow
22:32 Hand Cart
28:04 Imperial Age
26:08 Fletching
26:12 Loom
27:37 Gold Shaft Mining
27:41 Bodkin Arrow
28:08 Ballistics
28:08 Stone Mining
28:33 Bloodlines
28:23 Husbandry
28:47 Bracer
29:41 Paiks
30:10 Masonry
31:01 Chemistry
30:32 Town Watch
31:26 Architecture
30:57 Padded Archer Armor
31:06 Elite Elephant Archer
32:31 Town Patrol
32:53 Leather Archer Armor
34:51 Crop Rotation
34:40 Scale Barding Armor
35:06 Ring Archer Armor
34:18 Light Cavalry
35:38 Conscription
35:51 Chain Barding Armor
35:50 Siege Engineers
36:18 Forging
39:08 Siege Elephant
44:39 Two-Man Saw
49:17 Plate Barding Armor
350 pero pregriloso
10:17 Feudal Age
14:31 Castle Age
12:31 Double-Bit Axe
14:29 Horse Collar
21:53 Husbandry
22:54 Loom
25:14 Padded Archer Armor
25:19 Light Cavalry
26:10 Bloodlines
26:20 Leather Archer Armor
26:16 Forging
26:12 Scale Barding Armor
26:33 Bloodlines
27:57 Redemption
28:36 Bow Saw
28:56 Sanctity
28:55 Fervor
29:38 Iron Casting
30:33 Inquisition
31:09 Sanctity
31:01 Atonement
34:09 Imperial Age
32:35 Chain Barding Armor
34:31 Cavalier
34:31 Hussar
37:33 Illumination
37:24 Block Printing
38:54 Blast Furnace
39:03 Elite Skirmisher
39:37 Fletching
40:17 Ring Archer Armor
43:46 Chemistry
47:46 Two-Man Saw
47:52 Ballistics
ElCid_Boomazo
11:04 Feudal Age
14:40 Castle Age
17:24 Wheelbarrow
16:36 Loom
21:25 Gold Mining
22:01 Double-Bit Axe
21:58 Horse Collar
23:48 Heavy Plow
24:55 Bow Saw
28:54 Imperial Age
26:46 Tusk Swords
27:11 Scale Barding Armor
26:57 Fletching
28:00 Padded Archer Armor
28:54 Bodkin Arrow
30:07 Conscription
30:42 Elite Ballista Elephant
34:12 Heavy Scorpion
36:43 Double Crossbow
37:53 Bracer
38:27 Leather Archer Armor
39:28 Crop Rotation
41:08 Chain Barding Armor
41:11 Forging
41:32 Bloodlines
40:43 Light Cavalry
41:24 Husbandry
43:26 Plate Barding Armor
44:52 Iron Casting
45:40 Ring Archer Armor
46:02 Capped Ram
55:58 Caravan
ME_DEPRIME_JUGAR_CON_USTEDES
11:35 Feudal Age
12:51 Double-Bit Axe
15:36 Castle Age
13:37 Horse Collar
13:55 Stone Mining
17:14 Gold Mining
20:05 Town Watch
20:56 Wheelbarrow
20:34 Bow Saw
22:21 Fletching
25:23 Gold Shaft Mining
26:25 Wheelbarrow
25:55 Devotion
29:31 Ballistics
32:51 Bodkin Arrow
34:41 Husbandry
36:48 Hand Cart
39:13 Imperial Age
37:57 Stone Shaft Mining
39:09 Heavy Plow
40:02 Bracer
41:23 Chemistry
40:49 Conscription
40:57 Elite War Wagon
45:45 Capped Ram
48:26 Masonry
50:52 Architecture
50:18 Murder Holes
50:31 Scale Barding Armor
50:36 Forging
49:55 Light Cavalry
55:05 Chain Barding Armor
55:34 Iron Casting
56:03 Scale Mail Armor
58:36 Caravan
59:45 Hussar
Dirty Dave
8:04 Loom
10:03 Feudal Age
14:08 Castle Age
12:05 Double-Bit Axe
12:54 Horse Collar
16:02 Bow Saw
16:16 Loom
20:48 Wheelbarrow
20:44 Heavy Plow
20:55 Gold Mining
21:16 Crossbowman
22:14 Fletching
24:34 Bodkin Arrow
27:00 Ballistics
26:42 Padded Archer Armor
27:51 Hand Cart
29:24 Leather Archer Armor
28:59 Town Watch
31:50 Imperial Age
29:40 Stone Mining
31:31 Masonry
32:17 Gambesons
32:35 Bracer
32:00 Arbalester
33:49 Chemistry
35:17 Ring Archer Armor
35:27 Yeomen
38:18 Gold Shaft Mining
38:17 Architecture
37:58 Siege Engineers
38:17 Conscription
37:58 Warwolf
40:58 Caravan
43:56 Hoardings
45:37 Sanctity
46:39 Treadmill Crane
48:09 Onager
51:31 Elite Skirmisher
60:31 Two-Man Saw
乌合之众
10:04 Feudal Age
10:48 Feudal Age
14:29 Castle Age
13:40 Loom
15:38 Double-Bit Axe
23:47 Husbandry
29:26 Imperial Age
27:33 Wheelbarrow
28:31 Scale Barding Armor
28:55 Bow Saw
28:57 Forging
30:05 Chain Barding Armor
29:46 Gold Mining
32:13 Chemistry
32:59 Light Cavalry
33:56 Elite Skirmisher
35:03 Onager
36:23 Cavalier
37:18 Fletching
38:48 Bodkin Arrow
43:41 Padded Archer Armor
58:38 Pikeman
El Choro Stifen
11:07 Feudal Age
12:12 Double-Bit Axe
15:30 Castle Age
13:35 Horse Collar
16:37 Bow Saw
18:11 Fervor
21:39 Wheelbarrow
23:40 Heavy Plow
27:04 Imperial Age
24:24 Loom
24:26 Town Watch
26:49 Chemistry
28:08 Conscription
29:25 Hand Cart
31:46 Houfnice
33:42 Siege Engineers
34:50 Pikeman
35:31 Squires
41:22 Padded Archer Armor
41:22 Scale Mail Armor
43:25 Bombard Tower
43:26 Ballistics
43:03 Murder Holes
43:51 Halberdier
46:27 Leather Archer Armor
48:00 Two-Man Saw
48:07 Wagenburg Tactics
49:19 Chain Mail Armor
49:34 Ring Archer Armor
50:34 Plate Mail Armor
50:16 Forging
51:08 Fletching
53:38 Bodkin Arrow
53:57 Fortified Wall
Patopsx
7:28 Loom
10:15 Feudal Age
14:03 Castle Age
12:04 Double-Bit Axe
15:30 Bow Saw
18:56 Horse Collar
20:52 Wheelbarrow
21:12 Fervor
26:48 Imperial Age
24:54 Hand Cart
24:46 Fletching
25:29 Bodkin Arrow
26:05 Elite Skirmisher
27:18 Padded Archer Armor
27:49 Ballistics
27:23 Pikeman
28:05 Scale Mail Armor
28:07 Bracer
28:37 Scale Mail Armor
28:33 Halberdier
29:17 Squires
31:29 Chemistry
31:55 Chain Mail Armor
36:06 Leather Archer Armor
37:01 Plate Mail Armor
38:06 Scale Barding Armor
39:23 Chain Barding Armor
39:04 Husbandry
38:25 Light Cavalry
39:36 Forging
40:55 Hussar
42:17 Plate Barding Armor
44:19 Capped Ram
52:48 Iron Casting
53:19 Heavy Plow
56:17 Conscription
57:09 Elite Cataphract
Connection lost

Rejoining the realm…

Still unreachable

The connection could not be restored.

Session expired

The server has moved on; the page needs a fresh start.